AoeStats
← GAX | Tyrav

African Clearing

510865873Analyzed
4v4 RM · 23h ago on Oct 2, 2026· 22m 55s· 8 players
Game mode
Random Map
Map size
Large (8 player)
Population
200
Speed
Normal
Resources
Standard
Victory
Conquest
Starting age
Dark Age
Ending age
Imperial Age
RankedLock teamsTeams togetherTeam positionsShared explorationLock speedFull tech treeHidden civsTurbo modeCheats
Victory
Defeat
🇧🇷 Magyars · Brazil
1666
+13
🇧🇷 Maya · Brazil
1660
+13
🇧🇷 Inca · Brazil
1628
+14
🇲🇽 Berbers · Mexico
1510
+19
🇧🇪 Hindustanis · Belgium
1639
-17
🇺🇸 Khitans · United States
1605
-15
🇨🇴 Malians · Colombia
1565
-14
🇳🇱 Aztecs · Netherlands
1535
-13
BomBomB0
4:11 Loom
13:11 Feudal Age
19:15 Castle Age
17:31 Domestication
18:52 Forging
18:29 Double-Bit Axe
20:00 Wheelbarrow
20:09 Bow Saw
20:43 Iron Casting
21:40 Husbandry
The .Gocho
10:38 Loom
14:01 Feudal Age
18:12 Castle Age
18:02 Double-Bit Axe
22:03 Fishing Lines
KingJulien
7:25 Loom
13:27 Feudal Age
13:46 Feudal Age
17:55 Castle Age
17:07 Double-Bit Axe
Foskito
9:52 Loom
11:39 Feudal Age
12:44 Double-Bit Axe
18:43 Forging
22:48 Castle Age
GAX | ERV
8:18 Loom
12:10 Feudal Age
12:39 Double-Bit Axe
18:44 Fletching
20:10 Wheelbarrow
20:35 Scale Barding Armor
21:00 Forging
24:14 Castle Age
GAX | Anderson Cassiano
11:01 Loom
13:26 Feudal Age
18:25 Castle Age
16:23 Double-Bit Axe
17:16 Gold Mining
18:22 Fletching
Chimas
4:45 Loom
12:02 Feudal Age
12:52 Double-Bit Axe
13:56 Horse Collar
21:06 Town Watch
24:09 Castle Age
GAX | Tyrav
2:55 Loom
13:23 Feudal Age
18:15 Castle Age
16:22 Double-Bit Axe
17:45 Fletching
19:00 Town Watch
19:47 Bodkin Arrow
Connection lost

Rejoining the realm…

Still unreachable

The connection could not be restored.

Session expired

The server has moved on; the page needs a fresh start.